 Dungeon Crawl Stone Soup version 0.31.0-9-g3a7656b989 (webtiles) character file.

Game seed: 8868742733080199085

153 qw the Skirmisher (level 5, -2/29 HPs)
             Began as a Deep Elf Hunter on Feb 2, 2024.
             Slain by Blork the orc
             ... wielding a +0 halberd
              (8 damage)
             ... on level 4 of the Dungeon.
             The game lasted 00:00:09 (2700 turns).

qw the Skirmisher (Deep Elf Hunter)                 Turns: 2700, Time: 00:00:10

Health: -2/29      AC:  5    Str: 10    XL:     5   Next: 12%
Magic:  7/7        EV: 11    Int: 14    God:
Gold:   206        SH:  0    Dex: 18    Spells: 4/4 levels left

rFire   . . .        a - +1 shortbow
rCold   . . .        (shield currently unavailable)
rNeg    . . .        e - +0 ring mail
rPois   .            (no helmet)
rElec   .            (no cloak)
rCorr   .            (no gloves)
SInv    .            (no boots)
Will    .....        (no amulet)
Stlth   +            (no ring)
HPRegen 0.24/turn    (no ring)
MPRegen 0.10/turn

%: no passive effects
@: no status effects
A: no striking features
a: no special abilities


You were on level 4 of the Dungeon.
You visited 1 branch of the dungeon, and saw 4 of its levels.

You collected 206 gold pieces.


   Skills:
 - Level 1.5 Fighting
 + Level 8.5 Ranged Weapons
 - Level 2.4 Dodging
 - Level 1.2 Stealth


You had 4 spell levels left.
You didn't know any spells.
Your spell library was empty.

Inventory:

Hand Weapons
 a - a +1 shortbow (weapon)
Armour
 e - a +0 ring mail (worn)
Scrolls
 b - a scroll of fog {unknown}
Potions
 c - 2 potions of curing
 f - a potion of resistance

Dungeon Overview and Level Annotations

Branches:
Dungeon (4/15)
 Temple: D:4-7

Altars:
Ashenzari
Dithmenos
Gozag
Wu Jian

Annotations:
D:4 Blork the orc, Robin


Message History

The goblin barely misses you. x2; The hobgoblin closely misses you.
You shoot an arrow. The arrow hits the goblin.
The goblin is severely wounded.
The hobgoblin no longer looks unusually strong.
Blork the orc barely misses you. The goblin closely misses you.
The goblin hits you but does no damage. The hobgoblin closely misses you.
Blork the orc hits you from afar with a +0 halberd.
2695 ||| DRINKING potion of heal wounds.
You feel much better.
The goblin no longer looks unusually strong.
The hobgoblin no longer looks unusually strong.
The goblin no longer looks unusually strong.
Blork the orc hits you from afar with a +0 halberd.
The hobgoblin completely misses you. The goblin hits you with a +0 dagger.
The goblin closely misses you.
You shoot an arrow. The arrow closely misses the goblin.
Blork the orc barely misses you. The goblin misses you.
The goblin hits you but does no damage.
The hobgoblin hits you but does no damage.
Blork the orc closely misses you.
You shoot an arrow. The arrow closely misses the goblin.
Blork the orc hits you from afar with a +0 halberd.
The hobgoblin misses you. The goblin hits you with a +0 dagger.
The goblin closely misses you.
Blork the orc looks satisfied for a moment.
You shoot an arrow. The arrow barely misses the goblin.
Blork the orc barely misses you. The goblin misses you.
The goblin hits you but does no damage. The hobgoblin hits you.
You shoot an arrow. The arrow barely misses the goblin.
Blork the orc hits you from afar with a +0 halberd.
The goblin hits you with a +0 club. The goblin hits you but does no damage.
The hobgoblin closely misses you. Blork the orc barely misses you.
You shoot an arrow. The arrow barely misses the goblin.
Blork the orc closely misses you. The goblin hits you with a +0 club.
The goblin hits you with a +0 dagger.
Robin roars a battlecry!
The goblins go into a battle-frenzy!
The hobgoblin hits you.
Blork the orc hits you from afar with a +0 halberd!
You die...

....##.#
#.....#....#####.#
#. #......#
#####.#.#### #.# #.
#.#.#.## #.#.# #.#
#. #.#.#.# #.#.#
####.######. ..#.#.#
#.#.# #...........
..#.#.# #.#.#
#######..... ..#.#.#
#.#.# ###...........
....#.#
#.#g#...#.########..
..###.# . #@g# #.
......... ......# #
##g# .....####
...####..


og. .... ........# g%## ... #..####.. ... #. #..# .$.. # #..# .)... .>.# ......
#.## You could see Blork the orc (fast), Robin, 2 hobgoblins and 2 goblins.

Vanquished Creatures
  An orc wizard (D:3)
  3 gnolls (D:4)
  An adder (D:2)
  3 dart slugs
  A ribbon worm (D:3)
  2 orcs (D:3)
  5 ball pythons
  5 endoplasms
  7 giant cockroaches
  9 goblins
  8 hobgoblins
  3 jackals (D:2)
  3 quokkas
  6 bats
  2 frilled lizards (D:1)
  8 kobolds
  6 rats
73 creatures vanquished.

Notes
Turn   | Place    | Note
-------+----------+-------------------------------------------
     0 | D:1      | qw the Deep Elf Hunter began the quest for the Orb.
     0 | D:1      | Reached XP level 1. HP: 12/12 MP: 3/3
     0 | D:1      | 0 ||| qw: Version: 0.3-a-155-g5e7d8dd
     0 | D:1      | 0 ||| qw: Game counter: 2855
     0 | D:1      | 0 ||| qw: Melee chars always use a shield: true
     0 | D:1      | 0 ||| qw: God list: Okawaru
     0 | D:1      | 0 ||| qw: Allow faded altars: false
     0 | D:1      | 0 ||| qw: Do Orc after clearing Dungeon:15 true
     0 | D:1      | 0 ||| qw: Do second Lair branch before Depths: true
     0 | D:1      | 0 ||| qw: Lair rune preference: random
     0 | D:1      | 0 ||| qw: Goals: Normal
     0 | D:1      | 0 ||| PLANNING D:1-11
   204 | D:1      | Reached XP level 2. HP: 15/16 MP: 4/4
   207 | D:1      | Reached skill level 6 in Ranged Weapons
   343 | D:1      | Reached XP level 3. HP: 20/20 MP: 5/5
   675 | D:1      | 675 ||| DROPPING ring of flight.
   676 | D:1      | 676 ||| READING scroll labelled FIPRACK XEWOAJ.
   676 | D:1      | 676 ||| ENCHANTING +0 shortbow.
   677 | D:1      | 677 ||| READING scroll labelled GOCAIS KEXAA.
   678 | D:1      | 678 ||| READING scroll labelled WOIT CUG RAIS.
   679 | D:1      | 679 ||| DROPPING scroll of butterflies.
   757 | D:2      | Found an ornate altar of the Wu Jian Council.
   768 | D:2      | Reached skill level 7 in Ranged Weapons
  1367 | D:2      | 1367 ||| UPGRADING to +0 ring mail.
  1377 | D:2      | 1377 ||| DROPPING +0 leather armour.
  1378 | D:2      | 1378 ||| READING scroll of identify.
  1378 | D:2      | 1378 ||| IDENTIFYING fuming amethyst potion
  1379 | D:2      | 1379 ||| READING scroll labelled EGROAM PIUNIUH.
  1380 | D:2      | 1380 ||| DRINKING 2 smoky orange potions.
  1381 | D:2      | 1381 ||| DRINKING 2 clear potions.
  1497 | D:3      | Reached XP level 4. HP: 25/25 MP: 6/6
  1498 | D:3      | 1498 ||| DRINKING potion of curing.
  1498 | D:3      | 1498 ||| (to cure confusion)
  1847 | D:3      | Reached skill level 8 in Ranged Weapons
  1854 | D:3      | Found a broken altar of Ashenzari.
  2160 | D:3      | 2160 ||| FLEEEEING.
  2162 | D:3      | 2162 ||| FLEEEEING.
  2163 | D:3      | 2163 ||| FLEEEEING.
  2165 | D:3      | 2165 ||| FLEEEEING.
  2166 | D:3      | 2166 ||| FLEEEEING.
  2216 | D:3      | 2216 ||| READING scroll of identify.
  2216 | D:3      | 2216 ||| IDENTIFYING smoky coppery potion
  2217 | D:3      | 2217 ||| DROPPING potion of invisibility.
  2505 | D:4      | Found a shadowy altar of Dithmenos.
  2557 | D:4      | Reached XP level 5. HP: 25/29 MP: 7/7
  2598 | D:4      | Found an opulent altar of Gozag.
  2678 | D:4      | Noticed Robin
  2683 | D:4      | Noticed Blork the orc
  2694 | D:4      | HP: 6/29 [Blork the orc/+0 halberd (4)]
  2695 | D:4      | 2695 ||| DRINKING potion of heal wounds.
  2700 | D:4      | HP: 6/29 [hobgoblin[Robin] (5)]
  2700 | D:4      | Slain by Blork the orc

Levels and vault maps discovered:
D:1:      heliophobic_arrival_glass_houses, layout_loops_cross, minmay_circled_x
D:2:      layout_basic, basic_altar
D:3:      layout_loops_cross, lemuel_coloured_pillars_altar
D:4:      layout_loops_ring, nicolae_gozag_cash_rules_everything_around_me,
          slow_altar_2, nicolae_dithmenos_through_a_glass_darkly,
          serial_co_window_serial, co_window_corner_a, co_window_paths_a,
          co_window_paths_a, co_window_corner_a, co_window_paths_b,
          co_window_unsneaky_path_c, co_window_corner_ca, co_window_corner_b,
          co_window_paths_c, co_window_cross_4, glass_columns_a, uniq_menkaure,
          uniq_blork_the_orc, uniq_robin, uniq_grinder

Skill      XL: |  1  2  3  4 |
---------------+-------------+-----
Ranged Weapons | 6 7 8 |  8.5
Fighting       | |  1.5
Dodging        | |  2.4
Stealth        | |  1.2

Action                     |  1- 3 |  4- 6 || total
---------------------------+-------+-------++-------
   Fire: Shortbow          |   123 |    91 ||   214
    Use: Scroll            |     5 |     1 ||     6
         Potion            |     2 |     2 ||     4
 Armour: Leather armour    |    12 |       ||    12
         Ring mail         |       |    59 ||    59
  Dodge: Dodged            |    26 |    38 ||    64

Table legend:
 A = Non-vault XP
 B = Vault XP
 C = Vault XP percentage of total XP
 D = Non-vault monster count
 E = Vault monster count
 F = Vault count percentage of total count
                 A         B        C        D         E       F
            +---------+---------+-------+---------+---------+-------
      Total |     204 |      15 |   6.8 |      64 |       9 |  12.3
            +---------+---------+-------+---------+---------+-------
        D:1 |      53 |       6 |  10.2 |      29 |       4 |  12.1
        D:2 |      37 |       0 |   0.0 |      15 |       0 |   0.0
        D:3 |      66 |       0 |   0.0 |      14 |       0 |   0.0
        D:4 |      48 |       9 |  15.8 |       6 |       5 |  45.5
            +---------+---------+-------+---------+---------+-------
